 Dungeon Crawl Stone Soup version 0.28-a0-998-gb9e9c7b67e (webtiles) character file.

Game seed: 7355709448770398575

2387 ytrimaz the Insei (level 9, -5/59 HPs)
             Began as an Octopode Transmuter on Dec 5, 2021.
             Slain by a gnoll shaman (12 damage)
             ... on level 6 of the Dungeon.
             The game lasted 00:09:05 (5734 turns).

ytrimaz the Insei (Octopode Transmuter)             Turns: 5734, Time: 00:09:05

Health: -5/59      AC:  7    Str: 14    XL:     9   Next: 46%
Magic:  16/17      EV: 13    Int: 17    God:
Gold:   309        SH:  5    Dex: 12    Spells: 11/19 levels left

rFire   + + .      SeeInvis .     - Unarmed
rCold   . . .      Faith    .   (no shield)
rNeg    . . .      Spirit   .   (helmet restricted)
rPois   +          Reflect  +   c - amulet of reflection
rElec   .          Harm     .   e - +4 ring of protection
rCorr   .          Rampage  .   b - ring of poison resistance
Will    .....                   g - +4 ring of slaying
Stlth   ++........              k - ring of protection from fire
HPRegen 0.19/turn               (no ring)
MPRegen 0.15/turn               (no ring)
                                (no ring)
                                (no ring)

@: no status effects
A: almost no armour, amphibious, 8 rings, camouflage 1, gelatinous body 1,
(nimble swimmer 1), tentacles, iridescent scales 1, fire resistance 1, strong 1
a: no special abilities


You were on level 6 of the Dungeon.
You visited 1 branch of the dungeon, and saw 6 of its levels.

You collected 1037 gold pieces.
You spent 728 gold pieces at shops.

Inventory:

Jewellery
 b - a ring of poison resistance (right tentacle)
 c - an amulet of reflection (around mantle)
 e - a +4 ring of protection (left tentacle)
 g - a +4 ring of slaying (on tentacle)
 k - a ring of protection from fire (on tentacle)
Wands
 f - a wand of iceblast (6)
 l - a wand of digging (2)
Scrolls
 j - a scroll of enchant armour
 m - 2 scrolls of teleportation
 n - a scroll of brand weapon {unknown}
 o - a scroll of summoning
Potions
 a - a potion of might
 d - 2 potions of haste
 h - a potion of heal wounds
 i - 2 potions of attraction


   Skills:
 * Level 4.3 Fighting
 - Level 2.0 Dodging
 + Level 1.8 Shields
 + Level 7.0 Unarmed Combat
 * Level 5.6 Spellcasting
 * Level 5.7 Transmutations
 * Level 3.3 Ice Magic
 * Level 4.1 Poison Magic


You had 11 spell levels left.
You knew the following spells:

 Your Spells              Type           Power      Damage    Failure   Level
a - Beastly Appendage     Tmut           48%        N/A       1%          1
b - Spider Form           Tmut/Pois      21%        N/A       5%          3
c - Ice Form              Ice/Tmut       20%        N/A       21%         4

Your spell library contained the following spells:

 Spells                   Type           Power      Damage    Failure   Level
 Wereblood                Tmut           24%        N/A       1%          2
 Foxfire                  Conj/Fire      16%        2x1d4     14%         1
 Conjure Flame            Conj/Fire      4%         6-21      38%         3
 Inner Flame              Hex/Fire       4%         N/A       38%         3
 Summon Guardian Golem    Hex/Summ       4%         N/A       38%         3
 Tukima's Dance           Hex            4%         N/A       38%         3
 Yara's Violent Unravell  Hex/Tmut       7%         3d5       75%         5
 Flame Wave               Conj/Fire      4%         2d4       80%         4
 Passage of Golubria      Tloc           4%         N/A       80%         4
 Summon Hydra             Summ           2%         N/A       100%        7
 Summon Horrible Things   Summ           2%         N/A       100%        8


Dungeon Overview and Level Annotations

Branches:
Dungeon (6/15)
 Temple: D:4-7

Altars:
Uskayaw
Vehumet
Yredelemnul
Zin

Shops:
D:2 =


Innate Abilities, Weirdness & Mutations

You cannot wear most types of armour.
You are amphibious.
You can wear up to eight rings at the same time.
Your skin changes colour to match your surroundings (Stealth+).
Your rubbery body absorbs attacks. (AC +1, EV +1)
((You are camouflaged near water. (Stealth+)))
You have tentacles for arms and can constrict up to eight enemies at once.
You are partially covered in iridescent scales. (AC +2)
Your flesh is heat resistant. (rF+)
Your muscles are strong. (Str +2)


Message History

You hit the yak.
You kill the yak!
Your Unarmed Combat skill increases to level 7!
The gnoll shaman shouts!
You hit the yak.
The yak is poisoned.
The yak is lightly wounded.
You hear a shout!
You block the yak's attack. The yak barely misses you.
Unknown command.
You hit the yak but do no damage.
The yak looks as sick as possible!
The yak is lightly wounded.
Your transformation is almost over.
The yak barely misses you.
You bite the yak!
The yak is heavily wounded.
You block the yak's attack.
A shadow imp comes into view.
The yak closely misses you.
You hit the yak but do no damage.
The yak looks as sick as possible!
The yak is severely wounded.
The yak gores you! The yak misses you.
Unknown command.
You barely miss the yak.
The yak is severely wounded.
You block the yak's attack. The yak gores you.
Unknown command.
You hit the yak.
The yak looks as sick as possible!
The yak is almost dead.
The yak barely misses you. The yak gores you.
* * * LOW HITPOINT WARNING * * *
Unknown command.
A centaur zombie comes into view.
The yak gores you!
* * * LOW HITPOINT WARNING * * *
Unknown command.
The yak closely misses you.
Your transformation has ended.
You kill the yak!
The gnoll shaman hits you with a +0 mace!
You die...

##########
##...<.#..#..##(..#
#.......#.....#...#
#....g..#.....#...##
#.......#.....#....#
#.......#.....#....#
#.......#.....#....#
###....##...# #...#
.###.(..##@#####.).##+#####
.....Z...g.................
.........Y.................
<......5...................
...g.......................
..##.##.##...##[...###..###
.. #. #.#########'####)####
.. #†..............).... ..
#....................


You could see a yak, a gnoll shaman, a gnoll (wandering), a shadow imp and a
centaur zombie.

Vanquished Creatures
  4 yaks (D:6)
  A water moccasin (D:5)
  An orc warrior (D:5)
  2 sky beasts
  A black bear (D:4)
  2 necrophages
  2 ogres
  A phantom (D:5)
  2 wyvern zombies
  A water moccasin zombie (D:5)
  A gnoll sergeant (D:6)
  A water moccasin skeleton (D:5)
  3 hounds
  A centaur zombie (D:5)
  A bullfrog skeleton (D:5)
  A jelly (D:2)
  2 bullfrog zombies (D:5)
  2 orc priests (D:5)
  4 iguanas
  2 centaur skeletons (D:5)
  2 orc wizards
  A scorpion zombie (D:5)
  A killer bee zombie (D:5)
  A hound zombie (D:5)
  A hound skeleton (D:4)
  2 howler monkey skeletons
  6 gnolls (D:6)
  2 adders
  3 worms
  4 dart slugs
  11 orcs
  7 ball pythons
  8 bats
  5 endoplasms
  5 giant cockroaches
  7 goblins
  6 hobgoblins
  7 jackals
  5 kobolds
  5 quokkas
  2 frilled lizards (D:1)
  6 rats
132 creatures vanquished.

Vanquished Creatures (others)
  49 plants (D:5)
  2 withered plants (D:5)
51 creatures vanquished.

Grand Total: 183 creatures vanquished

Notes
Turn   | Place    | Note
-------+----------+-------------------------------------------
     0 | D:1      | ytrimaz the Octopode Transmuter began the quest for the
                  | Orb.
     0 | D:1      | Reached XP level 1. HP: 13/13 MP: 3/3
   159 | D:1      | Reached XP level 2. HP: 17/18 MP: 3/5
   545 | D:1      | Reached XP level 3. HP: 21/23 MP: 6/6
  1160 | D:1      | Learned a level 3 spell: Spider Form
  1203 | D:2      | Reached XP level 4. HP: 8/29 MP: 5/8
  1578 | D:2      | Found Eshref's Jewellery Shoppe.
  1673 | D:2      | Identified a scroll of acquirement
  1673 | D:2      | Acquired 740 gold pieces
  1701 | D:2      | Bought a ring of poison resistance for 260 gold pieces
  1701 | D:2      | Bought a +4 ring of protection for 468 gold pieces
  2072 | D:2      | Learned a level 4 spell: Ice Form
  2407 | D:3      | Reached XP level 5. HP: 8/34 MP: 9/9
  2795 | D:3      | Noticed a sky beast
  2802 | D:3      | Killed a sky beast
  2803 | D:3      | Reached skill level 4 in Unarmed Combat
  2803 | D:3      | Reached XP level 6. HP: 41/41 MP: 7/11
  2966 | D:3      | Found a faded altar of an unknown god.
  3352 | D:4      | Got Sif Muna's Reference Book on Illusion
  3368 | D:4      | Noticed an angel
  3369 | D:4      | Found a glowing silver altar of Zin.
  3780 | D:4      | Gained mutation: You are partially covered in iridescent
                  | scales. (AC +2) [potion of mutation]
  3780 | D:4      | Gained mutation: Your flesh is heat resistant. (rF+)
                  | [potion of mutation]
  3780 | D:4      | Gained mutation: Your muscles are strong. (Str +2) [potion
                  | of mutation]
  3791 | D:4      | Reached skill level 1 in Poison Magic
  3791 | D:4      | Reached XP level 7. HP: 43/45 MP: 12/12
  3887 | D:5      | Entered Level 5 of the Dungeon
  4017 | D:5      | Reached skill level 1 in Ice Magic
  4106 | D:5      | Reached skill level 5 in Unarmed Combat
  4181 | D:5      | Reached skill level 1 in Shields
  4181 | D:5      | Reached XP level 8. HP: 52/52 MP: 14/14
  4575 | D:5      | Found a basalt altar of Yredelemnul.
  4632 | D:5      | Reached skill level 5 in Spellcasting
  4632 | D:5      | Reached skill level 5 in Transmutations
  4653 | D:5      | Found a hide-covered altar of Uskayaw.
  4654 | D:5      | Found a radiant altar of Vehumet.
  4671 | D:5      | Reached skill level 6 in Unarmed Combat
  4993 | D:6      | Reached XP level 9. HP: 51/58 MP: 16/16
  5723 | D:6      | Reached skill level 7 in Unarmed Combat
  5734 | D:6      | Slain by a gnoll shaman

Illustrated notes

Levels and vault maps discovered:
D:1:      saegor_arrival_simple_e, layout_basic, minmay_pentomino_x2
D:2:      layout_loops_ring, serial_shops, nicolae_shop_advertising_works
          [nicolae_subvault_shop_adworks]
D:3:      layout_rooms, hellmonk_ecumenical_altar_run_dry,
          chequers_serial_rivers_micro_c, eino_tiny_chamber
D:4:      layout_rooms, zin_angel
D:5:      layout_cave_pools, lemuel_round_altar,
          mainiacjoe_overflow_catch_the_wave, serial_undead, serial_undead_d,
          serial_undead_e, serial_undead_d, serial_undead_b
D:6:      layout_gridville

Skill      XL: |  1  2  3  4  5  6  7  8  9 |
---------------+----------------------------+-----
Spellcasting   | 3 4 5 |  5.6
Transmutations | 3 4 5 |  5.7
Fighting       | 2 3 4 |  4.3
Unarmed Combat | 4 5 6 7 |  7.0
Poison Magic   | 1 2 3 4 |  4.1
Ice Magic      | 1 2 3 |  3.3
Shields        | 1 |  1.8
Dodging        | |  2.0

Action                   |  1- 3 |  4- 6 |  7- 9 || total
-------------------------+-------+-------+-------++-------
Melee: Unarmed           |    69 |   131 |   153 ||   353
       Constrict         |    19 |    27 |    19 ||    65
       Tentacles         |    10 |    22 |    25 ||    57
       Kick              |    13 |    23 |    25 ||    61
       Punch             |     3 |     1 |     8 ||    12
 Cast: Beastly Appendage |    13 |    22 |    17 ||    52
       Spider Form       |       |     5 |     6 ||    11
       Ice Form          |       |       |     1 ||     1
  Use: Scroll            |     3 |     3 |     4 ||    10
       Potion            |       |     7 |     1 ||     8
 Stab: Sleeping          |     1 |     7 |     2 ||    10
Armor: Skin              |     8 |    28 |    51 ||    87
Dodge: Dodged            |    83 |    87 |    83 ||   253
Block: Other             |       |     5 |    38 ||    43
       Reflection        |       |     1 |       ||     1

Table legend: (Time is in decaauts)
 A = Elapsed time spent in this place.
 B = Non-inter-level travel time spent in this place.
 C = Inter-level travel time spent in this place.
 D = Time resting spent in this place.
 E = Time spent auto-exploring this place.
 F = Levels seen in this place.
 G = Mean time per level.
                   A        B        C        D        E       F      G
               +--------+--------+--------+--------+--------+-----+--------+
         Total |   5689 |   5444 |    245 |    661 |   3559 |   6 |  948.2 |
       Dungeon |   5689 |   5444 |    245 |    661 |   3559 |   6 |  948.2 |
               +--------+--------+--------+--------+--------+-----+--------+

Top non-repeatable levels by time:
     D:2: 1193 daAuts
     D:1: 1150 daAuts
     D:5: 1017 daAuts
     D:4: 896 daAuts
     D:3: 868 daAuts
     D:6: 562 daAuts
